 Dungeon Crawl Stone Soup version 0.25.0-46-gbd7b0854d2 (webtiles) character file.

Game seed: 15882669843937117441

1188 Descartes the Covert (level 8, -1/34 HPs)
             Began as a Felid Monk on July 15, 2020.
             Was a Priest of Jiyva.
             Slain by a killer bee (9 damage)
             ... on level 7 of the Dungeon.
             The game lasted 00:14:04 (9252 turns).

Descartes the Covert (Felid Monk)                   Turns: 9252, Time: 00:14:05

Health: -1/34      AC:  2    Str:  9    XL:     8   Next: 19%
Magic:  0/10       EV: 27    Int:  9    God:    Jiyva [***...]
Gold:   204        SH:  0    Dex: 21    Spells: 7/7 levels left
                                        Lives:  0   Deaths: 2

rFire    . . .     SeeInvis +     - Unarmed
rCold    . . .     Gourm    .   (shield unavailable)
rNeg     . . .     Faith    .   (armour unavailable)
rPois    .         Spirit   +   (helmet unavailable)
rElec    .         Reflect  .   (cloak unavailable)
rCorr    +         Harm     .   (gloves unavailable)
MR       ++...                  (boots unavailable)
Stlth    +++++.....             n - amulet of guardian spirit
HPRegen  0.11/turn              m - ring of protection from magic
MPRegen  0.12/turn              o - ring of wizardry

@: quick
A: very small, no armour, no weapons or thrown items, stealth, claws 1, fangs 3,
see invisible, carnivore, speed 1, shaggy fur 2, slow metabolism 1, sharp paws
a: Request Jelly, Renounce Religion


You were on level 7 of the Dungeon.
You worshipped Jiyva.
Jiyva was most pleased with you.
You were completely stuffed.

You visited 2 branches of the dungeon, and saw 8 of its levels.

You collected 204 gold pieces.

Inventory:

Missiles
 d - 165 stones
 j - 162 arrows
Jewellery
 m - a ring of protection from magic (left paw)
 n - an amulet of guardian spirit (around neck)
 o - a ring of wizardry (right paw)
Wands
 g - a wand of flame (14)
 v - a wand of paralysis (10)
Scrolls
 c - 2 scrolls of immolation {unknown}
 i - 2 scrolls of fear {unknown}
 l - a scroll of magic mapping {unknown}
 p - 3 scrolls of teleportation {unknown}
 s - a scroll of amnesia {unknown}
 u - 2 scrolls of remove curse {unknown}
 w - a scroll of enchant weapon {unknown}
Potions
 b - 4 potions of curing
 e - a potion of ambrosia
 f - 3 potions of heal wounds
 h - a potion of magic
 k - a potion of stabbing {unknown}
 q - a potion of might
 r - a potion of brilliance {unknown}
 t - a potion of haste {unknown}
 x - 2 potions of cancellation {unknown}
 A - a potion of flight {unknown}
Comestibles
 a - 10 rations
 z - 2 chunks of flesh


   Skills:
 - Level 3.0 Fighting
 - Level 10.0 Dodging
 + Level 10.8 Stealth
 - Level 6.0 Unarmed Combat
 + Level 1.8 Evocations


You had 7 spell levels left.
You didn't know any spells.
Your spell library was empty.

Dungeon Overview and Level Annotations

Branches:
Dungeon (7/15)             Temple (1/1) D:6

Altars:
Cheibriados
Dithmenos
Elyvilon
Fedhas
Gozag
Hepliaklqana
Kikubaaqudgha
Makhleb
Okawaru
Qazlal
Ru
Sif Muna
Uskayaw
Vehumet
Wu Jian
Xom
Zin
The Shining One
Jiyva

Shops:
D:4 =


Innate Abilities, Weirdness & Mutations

You cannot wear armour.
You are incapable of wielding weapons or throwing items.
Your paws allow you to move quietly. (Stealth)
You have sharp claws.
You have razor-sharp teeth.
You have supernaturally acute eyesight. (SInv)
You are carnivorous and can eat meat at any time.
You cover ground quickly.
You are covered in thick fur. (AC +2)
You have a slow metabolism.
Your sharp claws are effective at attacking unaware monsters.


Message History

The killer bee completely misses you. x2
You hear a distant slurping noise.
You scratch the killer bee but do no damage.
The killer bee completely misses you.
You scratch the killer bee but do no damage.
The killer bee completely misses you. x2
You hear a distant slurping noise.
You closely miss the killer bee. The killer bee completely misses you.
You hear a distant slurping noise.
The killer bee completely misses you.
You scratch the killer bee but do no damage.
The killer bee misses you. The killer bee completely misses you.
You scratch the killer bee.
The killer bee is moderately wounded.
The killer bee stings you.
* * * LOW HITPOINT WARNING * * *
You miss the killer bee. Your bite misses the killer bee.
The killer bee is moderately wounded.
The killer bee misses you. The killer bee stings you!
You die...

#.....#
#######.##
#######.......#
..............#
##..##.#####.#
##.##.# #y#
#....## #.#
#...## ###.#
#...# #@yy#
##### +#...#+
#####
....###.....###
###.............
# #......⌠......
#
#.............#
#####.....#####
+#...#+ #...#


You could see 2 killer bees.

Vanquished Creatures
  Grinder (D:3)
  Sigmund (D:3)
  Eustachio (D:4)
  Edmund (D:4)
  A sky beast (D:5)
  2 ice beasts
  3 centaurs (D:6)
  An ogre (D:4)
  2 scorpions
  2 killer bees (D:7)
  4 howler monkeys
  2 crimson imps (D:5)
  A jelly (D:3)
  5 hounds
  3 worker ants
  A hound skeleton (D:5)
  5 adders
  A shadow imp (D:5)
  5 oozes
  An adder skeleton (D:5)
  A worm (D:1)
  A dart slug (D:2)
  4 leopard geckos
  4 orcs
  3 ball pythons
  2 giant cockroaches
  7 goblins
  5 hobgoblins
  9 jackals
  4 quokkas
  3 bats
  5 frilled lizards
  2 jackal zombies (D:5)
  7 kobolds
  A quokka zombie (D:6)
  5 rats
106 creatures vanquished.

Vanquished Creatures (others)
  9 jellies
  An orc wizard (D:7)
  Ijyb (D:3)
  2 adders (D:3)
  A worm (D:3)
  A leopard gecko (D:7)
  2 orcs (D:3)
  A kobold (D:3)
  A quokka (D:7)
  A frilled lizard (D:3)
  A butterfly (D:6)
21 creatures vanquished.

Grand Total: 127 creatures vanquished

Notes
Turn   | Place    | Note
-------+----------+-------------------------------------------
     0 | D:1      | Descartes the Felid Monk began the quest for the Orb.
     0 | D:1      | Reached XP level 1. HP: 10/10 MP: 2/2
     6 | D:1      | Noticed a hound
     6 | D:1      | Noticed a komodo dragon
     6 | D:1      | Noticed a rime drake
     7 | D:1      | Noticed an anaconda
     7 | D:1      | Noticed a killer bee
    33 | D:1      | Reached XP level 2. HP: 8/14 MP: 3/3
   955 | D:1      | Reached skill level 5 in Stealth
  1012 | D:1      | Reached XP level 3. HP: 17/17 MP: 4/4
  2318 | D:2      | Reached XP level 4. HP: 21/21 MP: 5/5
  2634 | D:2      | Found a burning altar of Makhleb.
  2764 | D:2      | Found an opulent altar of Gozag.
  3491 | D:3      | Found a radiant altar of Vehumet.
  3512 | D:3      | Noticed Sigmund
  3512 | D:3      | Noticed Grinder
  3644 | D:3      | Reached skill level 5 in Dodging
  4032 | D:4      | Reached XP level 5. HP: 16/24 MP: 6/6
  4142 | D:4      | Noticed an ogre
  4144 | D:4      | Noticed Edmund
  4167 | D:5      | Entered Level 5 of the Dungeon
  4401 | D:5      | Gained mutation: You are covered in thick fur. (AC +2)
                  | [Felid growth]
  4401 | D:5      | Reached XP level 6. HP: 27/28 MP: 7/7
  4428 | D:5      | Noticed a sky beast
  4708 | D:4      | Noticed Eustachio
  4715 | D:4      | Killed Eustachio
  4715 | D:4      | Reached XP level 7. HP: 31/31 MP: 8/8
  4749 | D:4      | Found a shimmering altar of Xom.
  4954 | D:4      | Found an iron altar of Okawaru.
  5055 | D:4      | Found Ythot's Jewellery Shoppe.
  5491 | D:4      | Found an iron altar of Okawaru.
  5523 | D:4      | Slain by Edmund
  5524 | D:4      | Reached XP level 6. HP: -2/28 MP: 0/7
  5546 | D:4      | Found a shimmering altar of Xom.
  5598 | D:4      | Killed Edmund
  5865 | D:4      | Found Ythot's Jewellery Shoppe.
  6347 | D:5      | Killed a sky beast
  6347 | D:5      | Reached skill level 5 in Unarmed Combat
  6347 | D:5      | Reached XP level 7. HP: 24/31 MP: 8/8
  6447 | D:5      | Found a stormy altar of Qazlal.
  6476 | D:5      | Found an iron altar of Okawaru.
  7344 | D:6      | Slain by a centaur
  7345 | D:6      | Reached XP level 6. HP: -1/28 MP: 7/7
  7416 | D:6      | Reached XP level 7. HP: 21/31 MP: 8/8
  7862 | D:6      | Found a staircase to the Ecumenical Temple.
  7874 | Temple   | Entered the Ecumenical Temple
  7888 | Temple   | Became a worshipper of Jiyva Jeruluar the Shapeless
  7888 | Temple   | Reached * piety under Jiyva
  7888 | Temple   | Reached ** piety under Jiyva
  8352 | D:3      | Killed Grinder
  8352 | D:3      | Reached skill level 10 in Dodging
  8352 | D:3      | Reached skill level 10 in Stealth
  8420 | D:3      | Killed Ijyb
  8472 | D:3      | Reached *** piety under Jiyva
  8854 | D:3      | Killed Sigmund
  8854 | D:3      | Reached XP level 8. HP: 34/34 MP: 9/9
  9144 | D:7      | Found a glowing golden altar of the Shining One.
  9148 | D:7      | Reached skill level 1 in Evocations
  9243 | D:7      | HP: 1/34 [killer bee (1)]
  9252 | D:7      | Slain by a killer bee

Illustrated notes

Levels and vault maps discovered:
D:1:      onia_arrival_zoo_common, layout_basic
D:2:      layout_basic, lightli_temple_of_fire, marbit_many_paths,
          minmay_stone_trees_small
D:3:      layout_basic, fiery_altar_vehumet, uniq_grinder, uniq_sigmund,
          uniq_ijyb
D:4:      layout_loops_ring, old_standard_altar, old_standard_altar,
          serial_shops, nicolae_shop_stone, kennysheep_generic_room_10,
          uniq_edmund, uniq_eustachio
D:5:      minmay_clustersquares, layout_cave_pools, grunt_qazlal_sundering,
          first_ration, okawaru_ov_weapons_minmay
D:6:      layout_loops_ring, minmay_temple_entry_butterflies
D:7:      layout_basic, nicolae_tso_carved_into_rock, grunt_livestock,
          grunt_ministairs_6, nicolae_gozag_seed_capital
Temple:   pf_slimified_temple

Skill      XL: |  1  2  3  4  5  6  7  8 |
---------------+-------------------------+-----
Stealth        | 3 5 6 8 10 | 10.8
Dodging        | 6 9 10 | 10.0
Unarmed Combat | 5 6 |  6.0
Evocations     | 1 |  1.8
Fighting       | |  3.0

Action                   |  1- 3 |  4- 6 |  7- 9 || total
-------------------------+-------+-------+-------++-------
Melee: Unarmed           |   100 |   169 |   197 ||   466
       Bite              |     7 |    18 |    15 ||    40
       Punch             |     1 |     3 |     4 ||     8
  Use: Scroll            |       |       |     5 ||     5
       Potion            |       |       |     2 ||     2
 Stab: Distracted        |     2 |       |     2 ||     4
       Sleeping          |    14 |    11 |     9 ||    34
  Eat: Chunk             |    10 |    14 |     8 ||    32
Armor: Skin              |     2 |     5 |    12 ||    19
Dodge: Dodged            |    59 |   118 |   187 ||   364
